 Dungeon Crawl Stone Soup version 0.25.0-8-gfd19cd77bd (webtiles) character file.

Game seed: 6481010217468942130

242 Kerr0r the Chopper (level 6, -2/56 HPs)
             Began as a Hill Orc Berserker on June 13, 2020.
             Was a Believer of Trog.
             Killed by divine providence
             ... invoked by an orc priest
              (10 damage)
             ... on level 4 of the Dungeon on June 16, 2020.
             The game lasted 00:10:30 (3259 turns).

Kerr0r the Chopper (Hill Orc Berserker)             Turns: 3259, Time: 00:10:30

Health: -2/56      AC:  4    Str: 22    XL:     6   Next: 9%
Magic:  6/6        EV: 12    Int:  7    God:    Trog [**....]
Gold:   176        SH:  0    Dex: 10    Spells: 5/5 levels left

rFire    . . .     SeeInvis .   a - +0 hand axe
rCold    . . .     Gourm    .   (no shield)
rNeg     . . .     Faith    .   b - +0 animal skin
rPois    .         Spirit   .   j - +0 helmet
rElec    .         Reflect  .   (no cloak)
rCorr    .         Harm     .   (no gloves)
MR       .....                  t - +0 pair of boots
Stlth    +.........             (no amulet)
HPRegen  0.18/turn              (no ring)
MPRegen  0.10/turn              (no ring)

@: confused, berserk cooldown, slowed, very slow
A: no striking features
a: Berserk, Trog's Hand, Renounce Religion, Convert to Beogh


You were on level 4 of the Dungeon.
You worshipped Trog.
Trog was pleased with you.
You were very hungry.

You visited 1 branch of the dungeon, and saw 4 of its levels.

You collected 176 gold pieces.

Inventory:

Hand Weapons
 a - a +0 hand axe (weapon)
Armour
 b - a +0 animal skin (worn)
 j - a +0 helmet (worn)
 t - a +0 pair of boots (worn)
Jewellery
 i - a cursed ring of attention {unknown}
 n - an uncursed ring of protection from magic {unknown}
Wands
 r - a wand of random effects (23)
Scrolls
 d - 2 scrolls of random uselessness {unknown}
 f - 2 scrolls of enchant weapon {unknown}
 h - 3 scrolls of remove curse {unknown}
 k - 4 scrolls of identify {unknown}
 l - 2 scrolls of enchant armour {unknown}
 o - a scroll of fear {unknown}
 p - 3 scrolls of amnesia {unknown}
 q - 2 scrolls of magic mapping {unknown}
 s - 2 scrolls of fog {unknown}
Potions
 e - 2 potions of flight {unknown}
 g - 2 potions of stabbing {unknown}
 m - 3 potions of curing {unknown}
 u - 2 potions of berserk rage {unknown}
Comestibles
 c - 15 rations


   Skills:
 + Level 5.4 Fighting
 * Level 7.5 Axes
 - Level 2.1 Armour
 - Level 1.5 Dodging


You had 5 spell levels left.
You didn't know any spells.
Your spell library was empty.

Dungeon Overview and Level Annotations

Branches:
Dungeon (4/15)
 Temple: D:4-7

Altars:
Kikubaaqudgha
Trog


Message History

The orc wizard is lightly wounded.
The orc wizard shouts!
The orc priest shouts, "Join the one true god or die!"
The orc priest calls down the wrath of Beogh upon you.
Beogh smites you!
The orc wizard points at you and mumbles some strange words.
You are confused.
The orc wizard hits you with a +0 dagger.
The orc wizard gestures wildly while chanting.
The orc wizard blinks!
The orc wizard gestures at you while chanting.
The magic dart hits you!
* * * LOW HITPOINT WARNING * * *
You bump into the rock wall.
The orc wizard gestures at you while chanting.
The puff of flame hits you.
* * * LOW HITPOINT WARNING * * *
The orc priest mumbles some strange prayers to Beogh against you.
Beogh smites you!
You die...

.....#.#...........
#.#####.#...........
..###...)..... ####
#.........
##.####... #.##
#..## ###### ##..#
#@†oo# ##§#
#.##h######.##
#.##.o..o.........
#>.##o............
##................
##....o.h........
#......§......o.
#...............
#...o...........


You could see an orc priest, an orc wizard and a jackal.

Vanquished Creatures
  A centaur (D:3)
  A worker ant (D:2)
  2 adders (D:3)
  4 gnolls (D:3)
  3 oozes
  3 worms
  2 dart slugs
  3 leopard geckos
  3 orcs (D:4)
  A ball python (D:3)
  2 giant cockroaches (D:1)
  4 hobgoblins
  5 kobolds
  2 quokkas
  4 bats
  5 frilled lizards
  6 goblins
  A jackal skeleton (D:4)
  7 rats
59 creatures vanquished.

Notes
Turn   | Place    | Note
-------+----------+-------------------------------------------
     0 | D:1      | Kerr0r the Hill Orc Berserker began the quest for the Orb.
     0 | D:1      | Reached XP level 1. HP: 19/19 MP: 1/1
   129 | D:1      | Reached XP level 2. HP: 27/27 MP: 2/2
   286 | D:1      | Reached skill level 5 in Axes
   286 | D:1      | Reached XP level 3. HP: 24/33 MP: 3/3
  1112 | D:2      | Reached ** piety under Trog
  1329 | D:2      | Found a bloodstained altar of Trog.
  1330 | D:2      | Found an ancient bone altar of Kikubaaqudgha.
  1366 | D:2      | Reached XP level 4. HP: 41/41 MP: 4/4
  1759 | D:3      | Noticed a centaur
  1765 | D:3      | HP: 2/61 [centaur (6)]
  1769 | D:3      | Killed a centaur
  1769 | D:3      | Reached skill level 5 in Fighting
  1769 | D:3      | Reached skill level 6 in Axes
  1769 | D:3      | Reached XP level 5. HP: 2/48 MP: 5/5
  2497 | D:3      | Reached skill level 7 in Axes
  2557 | D:3      | Upgraded the game from 0.25.0-1-g7eea58d2a3 to
                  | 0.25.0-8-gfd19cd77bd
  2921 | D:3      | Reached XP level 6. HP: 56/56 MP: 6/6
  3259 | D:4      | Killed from afar by an orc priest

Illustrated notes

Levels and vault maps discovered:
D:1:      wheals_arrival_shading, layout_basic
D:2:      layout_loops_ring, gammafunk_temple_overflow_statue
D:3:      layout_basic, minmay_starry_boxes
D:4:      layout_rooms, first_ration

Skill      XL: |  1  2  3  4  5 |
---------------+----------------+-----
Fighting       | 4 5 |  5.4
Axes           | 5 6 7 |  7.5
Armour         | |  2.1
Dodging        | |  1.5

Action                   |  1- 3 |  4- 6 || total
-------------------------+-------+-------++-------
Melee: Hand axe          |    73 |    90 ||   163
Invok: Berserk           |     2 |     4 ||     6
       Trog's Hand       |       |     1 ||     1
  Eat: Chunk             |     2 |    10 ||    12
Armor: Animal skin       |    12 |    12 ||    24
Dodge: Dodged            |    34 |    37 ||    71
